[Event "ICC tourney 2050 (75 10)"]
[Site "Internet Chess Club"]
[Date "2020.10.11"]
[Round "5"]
[White "funplaychess"]
[Black "Blue-Elephant1"]
[Result "1-0"]
[ICCResult "Black resigns"]
[WhiteElo "2341"]
[BlackElo "2091"]
[Opening "QGD semi-Slav: Stoltz variation"]
[ECO "D45"]
[NIC "SL.08"]
[Time "11:03:33"]
[TimeControl "4500+10"]

1. d4 d5 2. c4 c6 3. Nf3 Nf6 4. Nc3 e6 5. e3 Nbd7 6. Qc2 Bd6 7. Bd3 dxc4 8.
Bxc4 b5 9. Be2 O-O 10. O-O Bb7 11. e4 e5 12. dxe5 Nxe5 13. Nd4 Re8 14. Nf5
b4 15. Rd1 Re6 16. Bf4 Qc7 17. Nxd6 bxc3 18. Qxc3 Ng6 19. Bg3 Qb6 20. Bc4
Nxe4 21. Nxe4 Rxe4 22. Bxf7+ Kh8 23. Bxg6 hxg6 24. Rd7 {Black resigns} 1-0

[Event "ICC tourney 2050 (75 10)"]
[Site "Internet Chess Club"]
[Date "2020.10.11"]
[Round "5"]
[White "pangpangba"]
[Black "DonaldJ"]
[Result "0-1"]
[ICCResult "White resigns"]
[WhiteElo "1644"]
[BlackElo "2054"]
[Opening "Sicilian: Najdorf, Byrne (English) attack"]
[ECO "B90"]
[NIC "SI.14"]
[Time "11:03:45"]
[TimeControl "4500+10"]

1. e4 c5 2. Nf3 d6 3. d4 cxd4 4. Nxd4 Nf6 5. Nc3 a6 6. Be3 e5 7. Nb3 Be6 8.
f3 Nbd7 9. Qd2 Be7 10. Nd5 Bxd5 11. exd5 O-O 12. Be2 Qc7 13. O-O b5 14. f4
exf4 15. Rxf4 Nb6 16. Bxb6 Qxb6+ 17. Kh1 a5 18. Raf1 Nd7 19. Nd4 Bg5 20.
Bxb5 Ne5 21. Qf2 Bxf4 22. Qxf4 Qc5 23. Bd3 Nxd3 24. cxd3 Qxd5 25. Qg4 h5 26.
Qh4 Rab8 27. Nf5 Qxd3 28. Kg1 Qe2 29. Rf3 Qd1+ 30. Kf2 Rxb2+ 31. Kg3 Qe1+
32. Kh3 Qxh4+ 33. Kxh4 Rxg2 34. Ne7+ Kh7 35. Kh3 Rxa2 36. Rf5 g6 {White
resigns} 0-1

[Event "ICC tourney 2050 (75 10)"]
[Site "Internet Chess Club"]
[Date "2020.10.11"]
[Round "5"]
[White "espark"]
[Black "Aleksandrov73"]
[Result "0-1"]
[ICCResult "White checkmated"]
[WhiteElo "2310"]
[BlackElo "2662"]
[Opening "Ruy Lopez: Berlin defense"]
[ECO "C65"]
[NIC "RL.07"]
[Time "11:03:28"]
[TimeControl "4500+10"]

1. e4 e5 2. Nf3 Nc6 3. Bb5 Nf6 4. d3 d6 5. c3 g6 6. Nbd2 Bg7 7. O-O O-O 8.
Re1 Nh5 9. Nf1 Kh8 10. h3 Bd7 11. Ba4 Qe8 12. Bc2 f5 13. d4 f4 14. b3 g5 15.
d5 Nd8 16. Nxg5 Qg6 17. Ne6 Nxe6 18. dxe6 Bxe6 19. Qf3 Rg8 20. Bd3 Bf6 21.
Nd2 Rg7 22. Kh1 Rag8 23. Rg1 Qh6 24. Bf1 Ng3+ 25. fxg3 Rxg3 26. Qf2 Qh4 27.
Qf3 Bxh3 28. gxh3 Rxg1+ 29. Kh2 R1g3 30. Qe2 Rxh3+ 31. Bxh3 Qg3+ 32. Kh1
Qg1# {White checkmated} 0-1

[Event "ICC tourney 2050 (75 10)"]
[Site "Internet Chess Club"]
[Date "2020.10.11"]
[Round "5"]
[White "ASharikov"]
[Black "shianen"]
[Result "1-0"]
[ICCResult "Black checkmated"]
[WhiteElo "2320"]
[BlackElo "2193"]
[Opening "QGD Slav defense: exchange variation"]
[ECO "D10"]
[NIC "SL.01"]
[Time "11:03:38"]
[TimeControl "4500+10"]

1. d4 d5 2. c4 c6 3. cxd5 cxd5 4. Bf4 Nf6 5. e3 Nc6 6. Nc3 a6 7. Be2 Bf5 8.
g4 Bc8 9. h4 e6 10. f3 Bd6 11. Nh3 b5 12. Kf2 Bb7 13. Rc1 Qe7 14. Qg1 e5 15.
dxe5 Nxe5 16. Qg3 Rd8 17. Rhd1 O-O 18. Qh2 Nc4 19. Bxc4 Bxf4 20. Nxf4 dxc4
21. g5 Nd7 22. Nfd5 Qe5 23. f4 Qe6 24. b4 Nb6 25. Nxb6 Qxb6 26. f5 Rfe8 27.
Qf4 Rd3 28. Rxd3 cxd3 29. Rd1 Qc6 30. Rxd3 Qg2+ 31. Ke1 Bf3 32. f6 g6 33.
Qe5 Qg1+ 34. Kd2 Qf2+ 35. Kc1 Qf1+ 36. Kb2 Bc6 37. Qd6 Qg2+ 38. Rd2 Qf3 39.
Rd3 Qg2+ 40. Ka3 h6 41. h5 gxh5 42. g6 Be4 43. Qe7 Rxe7 44. Rd8+ Re8 45.
Rxe8# {Black checkmated} 1-0

[Event "ICC tourney 2050 (75 10)"]
[Site "Internet Chess Club"]
[Date "2020.10.11"]
[Round "5"]
[White "MacDaddyMac"]
[Black "BlueJay01"]
[Result "1-0"]
[ICCResult "Black resigns"]
[WhiteElo "2222"]
[BlackElo "2080"]
[Opening "Ruy Lopez: Anderssen variation"]
[ECO "C77"]
[NIC "RL.12"]
[Time "11:04:51"]
[TimeControl "4500+10"]

1. e4 e5 2. Nf3 Nc6 3. Bb5 a6 4. Ba4 Nf6 5. d3 b5 6. Bb3 Bc5 7. Nc3 d6 8.
Nd5 h6 9. c3 O-O 10. h3 Rb8 11. O-O Ba7 12. Re1 Nxd5 13. exd5 Ne7 14. d4 Ng6
15. dxe5 dxe5 16. Nxe5 Nxe5 17. Rxe5 Bxf2+ 18. Kxf2 Qf6+ 19. Qf3 Qxe5 20.
Bf4 Qe7 21. Re1 Qc5+ 22. Qe3 Qxe3+ 23. Rxe3 Rb7 24. Re7 c6 25. d6 a5 26. Ke3
a4 27. Bd1 Rd8 28. Bf3 Bd7 29. Kd4 b4 30. c4 Ra8 31. Rxd7 Rxd7 32. Bxc6 Rda7
33. Bxa8 Rxa8 34. c5 Kf8 35. c6 Ke8 36. Kc5 b3 37. a3 Kd8 38. d7 Ra6 39. Kb5
Ra8 40. Kb6 Ke7 41. Bc7 Rf8 42. d8=Q+ Rxd8 43. Bxd8+ Kxd8 44. Kb7
{Black resigns}
1-0

[Event "ICC tourney 2050 (75 10)"]
[Site "Internet Chess Club"]
[Date "2020.10.11"]
[Round "5"]
[White "NyzhnykIllia"]
[Black "aplusk"]
[Result "1/2-1/2"]
[ICCResult "Game drawn by mutual agreement"]
[WhiteElo "2712"]
[BlackElo "2571"]
[Opening "English: Caro-Kann defensive system"]
[ECO "A11"]
[NIC "EO.64"]
[Time "11:04:14"]
[TimeControl "4500+10"]

1. c4 c6 2. Nf3 d5 3. e3 Nf6 4. b3 Bf5 5. Bb2 e6 6. Nc3 h6 7. Be2 Bd6 8. d3
O-O 9. Qc2 Nbd7 10. h3 e5 11. O-O Rc8 12. a3 Qe7 13. e4 Bh7 14. b4 d4 15.
Nb1 c5 16. b5 g5 17. Nbd2 Kg7 18. Rfe1 Rh8 19. Nf1 Rcg8 20. Ng3 Kf8 21. Bc1
g4 22. Nh4 gxh3 23. Bxh6+ Ke8 24. Nhf5 Bxf5 25. Nxf5 Rxg2+ 26. Kh1 Qe6 27.
Ng7+ Rxg7 28. Bxg7 Rh4 29. Rg1 Bf8 30. Bxf8 Nxf8 31. Qa4 Qb6 32. Rg5 Ng6 33.
Rag1 Rf4 34. f3 Rh4 35. Kh2 Nh5 36. Qd1 Nhf4 37. Qe1 Rh6 38. Bf1 f6 39. R5g4
Kf7 40. R1g3 a5 41. Qd2 Qd8 42. b6 Qxb6 43. Rxh3 Rxh3+ 44. Bxh3 a4 45. Rg1
Nxh3 46. Kxh3 Nf4+ 47. Kh2 f5 48. Kh1 fxe4 49. fxe4 Qh6+ 50. Qh2 Qxh2+ 51.
Kxh2 Nxd3 52. Rb1 Ke6 53. Kg3 Kd6 54. Rxb7 Kc6 55. Rb1 Nf4 56. Kf3 Nd3 57.
Ke2 Nf4+ 58. Kd2 Ng2 59. Rh1 Ne3 60. Kd3 Kd6 61. Rh2 Kd7 62. Rb2 Nd1 63. Rd2
Ne3 64. Rh2 Nd1 65. Rc2 Kd6 66. Ke2 Ne3 67. Rc1 Ke6 68. Kd3 Kd6 69. Rh1 Kd7
70. Rg1 Kd6 71. Rg6+ Kd7 72. Ra6 {Game drawn by mutual agreement} 1/2-1/2

[Event "ICC tourney 2050 (75 10)"]
[Site "Internet Chess Club"]
[Date "2020.10.11"]
[Round "5"]
[White "PawnEatingZombi"]
[Black "Suraj240704"]
[Result "1-0"]
[ICCResult "Black resigns"]
[WhiteElo "2234"]
[BlackElo "2147"]
[Opening "King's Indian: Semi-Averbakh system"]
[ECO "E73"]
[NIC "KI.32"]
[Time "11:03:24"]
[TimeControl "4500+10"]

1. d4 Nf6 2. c4 g6 3. Nc3 Bg7 4. e4 O-O 5. Be2 d6 6. Be3 e5 7. d5 a5 8. g4
Na6 9. h4 Nc5 10. f3 h5 11. g5 Nfd7 12. b3 f5 13. Nh3 f4 14. Bf2 Rf7 15. Kf1
Nf8 16. Kg2 Bd7 17. Kh2 Nh7 18. Bf1 Bf8 19. Ng1 Be7 20. Bh3 Rg7 21. Bxc5
dxc5 22. Bxd7 Qxd7 23. Nh3 Bd6 24. Nf2 Qd8 25. Rg1 Rd7 26. Qf1 Qe7 27. Qh3
Nf8 28. Nd3 Rdd8 29. Qg2 Nd7 30. Rgd1 Nb6 31. Nb2 Kf7 32. Nca4 Nxa4 33. Nxa4
Ra6 34. Qf2 b6 35. Nc3 Rda8 36. Rab1 Qe8 37. Qc2 a4 38. Nxa4 Rxa4 39. bxa4
Rxa4 40. Rd3 Qa8 41. Rb2 Qa6 42. Rc3 Ke7 43. Qg2 Kd8 44. Qh3 Rxa2 45. Rcc2
Rxb2 46. Rxb2 Qxc4 47. Qe6 Qa4 48. Qxg6 c4 49. Rxb6 Qa7 50. Rxd6+ cxd6 51.
Qxd6+ Kc8 52. Qf8+ Kb7 53. Qe7+ Ka6 54. Qxa7+ Kxa7 55. g6 c3 56. g7 c2 57.
g8=Q c1=Q 58. Qg1+ {Black resigns} 1-0

[Event "ICC tourney 2050 (75 10)"]
[Site "Internet Chess Club"]
[Date "2020.10.11"]
[Round "5"]
[White "helavir"]
[Black "HansNiemann"]
[Result "1/2-1/2"]
[ICCResult "Game drawn by mutual agreement"]
[WhiteElo "2623"]
[BlackElo "2555"]
[Opening "Ruy Lopez: closed defense"]
[ECO "C84"]
[NIC "RL.13"]
[Time "11:03:29"]
[TimeControl "4500+10"]

1. e4 e5 2. Nf3 Nc6 3. Bb5 a6 4. Ba4 Nf6 5. O-O Be7 6. d3 b5 7. Bb3 d6 8. a4
Bd7 9. c3 O-O 10. Bc2 Re8 11. Re1 Bf8 12. Nbd2 Ne7 13. d4 Ng6 14. Nf1 h6 15.
Ng3 c5 16. axb5 axb5 17. Rxa8 Qxa8 18. dxc5 dxc5 19. Nh5 Be6 20. Nxf6+ gxf6
21. Be3 Rd8 22. Qc1 h5 23. h3 b4 24. Nd2 Qa2 25. Bd1 h4 26. Bg4 Bxg4 27.
hxg4 Qe6 28. f3 Rd3 29. c4 Qd7 30. Qc2 Rxe3 31. Rxe3 Qd4 32. Qd3 Qxb2 33.
Nb3 Nf4 34. Qd2 Qb1+ 35. Kh2 h3 36. Qc1 Qa2 37. Qd2 Qa6 38. g3 Ne6 39. Qc2
Bh6 40. Rd3 Nd4 41. Nxd4 exd4 42. f4 Qe6 43. Rd2 Qxg4 44. Qd1 Qe6 45. Qh5
Bf8 46. Qxh3 Qxc4 47. Qg4+ Bg7 48. Qc8+ Bf8 49. Qg4+ Bg7 50. Qc8+
{Game drawn by mutual agreement}
1/2-1/2

[Event "ICC tourney 2050 (75 10)"]
[Site "Internet Chess Club"]
[Date "2020.10.11"]
[Round "5"]
[White "A-Zapata"]
[Black "creepycrawlies"]
[Result "0-1"]
[ICCResult "White resigns"]
[WhiteElo "2484"]
[BlackElo "2167"]
[Opening "Sicilian: Najdorf, Zagreb (fianchetto) variation"]
[ECO "B91"]
[NIC "SI.14"]
[Time "11:03:25"]
[TimeControl "4500+10"]

1. e4 c5 2. Nf3 d6 3. d4 cxd4 4. Nxd4 Nf6 5. Nc3 a6 6. g3 e5 7. Nb3 Be6 8.
Bg2 Be7 9. O-O Nbd7 10. a4 O-O 11. a5 Qc7 12. h3 Rfd8 13. Be3 Rac8 14. f4
Qc6 15. Rf2 Nc5 16. Nd5 Bxd5 17. exd5 Qc7 18. Nd2 exf4 19. Rxf4 Ncd7 20. c4
Re8 21. b4 Ne5 22. Bd4 Nfd7 23. h4 Bf6 24. Bh3 Nd3 25. Rxf6 Re1+ 26. Qxe1
Nxe1 27. Rxe1 Nxf6 28. Bxf6 gxf6 29. Bxc8 Qxc8 30. Kg2 Qf5 31. Ne4 Qe5 32.
Kf2 f5 33. Ng5 Qd4+ 34. Re3 f4 35. gxf4 Qxf4+ 36. Nf3 Qxc4 37. Kg3 Qxb4 38.
Re7 h6 39. Rc7 Qxa5 40. Rxb7 Qxd5 41. Ra7 a5 {White resigns} 0-1

[Event "ICC tourney 2050 (75 10)"]
[Site "Internet Chess Club"]
[Date "2020.10.11"]
[Round "5"]
[White "visdus"]
[Black "zuz1209"]
[Result "0-1"]
[ICCResult "White resigns"]
[WhiteElo "2118"]
[BlackElo "2252"]
[Opening "French: Steinitz, Boleslavsky variation"]
[ECO "C11"]
[NIC "FR.04"]
[Time "11:03:36"]
[TimeControl "4500+10"]

1. e4 e6 2. d4 d5 3. Nc3 Nf6 4. e5 Nfd7 5. f4 c5 6. Nf3 Nc6 7. Be3 h6 8. Qd2
g5 9. f5 cxd4 10. fxe6 dxe3 11. exf7+ Kxf7 12. Qxd5+ Kg7 13. O-O-O Qe7 14.
Qe4 Nc5 15. Qxe3 Be6 16. h4 g4 17. Nd4 Nxd4 18. Qxd4 Rg8 19. Bc4 Kh8 20. Nd5
Bxd5 21. Qxd5 Bg7 22. b4 Na4 23. Qd6 Qxe5 24. Qxe5 Bxe5 25. Bxg8 Bf4+ 26.
Kb1 Nc3+ 27. Kb2 Nxd1+ 28. Rxd1 Rxg8 29. Rd7 Rg7 30. Rd5 Re7 31. Kb3 g3 32.
Rd4 Be3 33. Rg4 Bf2 34. c4 Re3+ 35. Ka4 Re2 36. c5 Rxa2+ 37. Kb3 Re2 38. b5
Bxc5 39. Rxg3 Re3+ 40. Rxe3 Bxe3 41. g4 Bf2 42. g5 h5 43. Kc4 Bxh4 44. Kd5
Bxg5 45. Kd6 h4 46. Kc7 h3 47. Kxb7 Be3 {White resigns} 0-1

[Event "ICC tourney 2050 (75 10)"]
[Site "Internet Chess Club"]
[Date "2020.10.11"]
[Round "5"]
[White "WonderZ"]
[Black "e4f5"]
[Result "1-0"]
[ICCResult "Black resigns"]
[WhiteElo "2126"]
[BlackElo "2195"]
[Opening "Trompowsky attack (Ruth, Opocenský opening)"]
[ECO "A45"]
[NIC "QP.07"]
[Time "11:03:43"]
[TimeControl "4500+10"]

1. d4 Nf6 2. Bg5 d5 3. e3 c5 4. Bxf6 gxf6 5. dxc5 e6 6. c4 dxc4 7. Qa4+ Nc6
8. Qxc4 Qa5+ 9. Nc3 Qxc5 10. Nf3 Qxc4 11. Bxc4 a6 12. Rc1 f5 13. O-O Bg7 14.
Na4 Bf6 15. Nb6 Rb8 16. b3 Bd8 17. Nxc8 Rxc8 18. Rfd1 Bf6 19. h3 Ke7 20. Rc2
b5 21. Be2 Nb4 22. Rcd2 Nd5 23. Kf1 Rc3 24. Nd4 Bxd4 25. Rxd4 Rhc8 26. Bf3
Nf6 27. R4d3 Rxd3 28. Rxd3 Rc2 29. a4 b4 30. g4 fxg4 31. hxg4 Nd7 32. Bd1
Rc1 33. Ke2 Nc5 34. Rd4 a5 35. g5 Rc3 36. Rh4 Rc1 37. f3 Rb1 38. Rxh7 Rb2+
39. Kf1 Nd3 40. g6 Rb1 41. g7 Rxd1+ 42. Ke2 Rg1 43. Kxd3 Kd6 44. Kc4 Rg5 45.
f4 Rg3 46. Kb5 f5 47. Kxa5 Kd5 48. Kxb4 Ke4 49. a5 Kxe3 50. a6 Kxf4 51. a7
{Black resigns}
1-0

[Event "ICC tourney 2050 (75 10)"]
[Site "Internet Chess Club"]
[Date "2020.10.11"]
[Round "5"]
[White "spideydavey"]
[Black "SkyAngel"]
[Result "0-1"]
[ICCResult "White resigns"]
[WhiteElo "1809"]
[BlackElo "2172"]
[Opening "Caro-Kann: two knights, 3...Bg4"]
[ECO "B11"]
[NIC "CK.01"]
[Time "11:06:07"]
[TimeControl "4500+10"]

1. e4 c6 2. Nc3 d5 3. Nf3 Bg4 4. h3 Bxf3 5. Qxf3 e6 6. g3 g6 7. Bg2 Bg7 8.
d3 Ne7 9. O-O O-O 10. Ne2 Nd7 11. d4 Nb6 12. c3 Qd7 13. a4 a5 14. Qd3 Rfd8
15. e5 Rdc8 16. Bg5 c5 17. Bxe7 Qxe7 18. f4 cxd4 19. Nxd4 Qc5 20. Qb5 Bf8
21. Kh2 Nc4 22. b3 Nd2 23. Rfc1 Qxb5 24. axb5 Bc5 25. b4 axb4 26. Rxa8 Rxa8
27. Nf3 Nxf3+ 28. Bxf3 Be3 29. Rc2 b3 30. Rb2 Ra2 {White resigns} 0-1

[Event "ICC tourney 2050 (75 10)"]
[Site "Internet Chess Club"]
[Date "2020.10.11"]
[Round "5"]
[White "Openyagami"]
[Black "TjkTiger"]
[Result "1-0"]
[ICCResult "Black checkmated"]
[WhiteElo "2591"]
[BlackElo "2583"]
[Opening "Grünfeld: Grünfeld gambit, Capablanca variation"]
[ECO "D83"]
[NIC "GI.03"]
[Time "11:03:39"]
[TimeControl "4500+10"]

1. d4 Nf6 2. c4 g6 3. Nc3 d5 4. Bf4 Bg7 5. e3 O-O 6. Rc1 Be6 7. cxd5 Nxd5 8.
Nxd5 Qxd5 9. a3 Qa2 10. Qd2 c5 11. Rxc5 Nd7 12. Rc1 Nb6 13. Bd3 Bc4 14. Bb1
Qb3 15. Ne2 Ba6 16. Rc3 Qd5 17. f3 Rac8 18. Kf2 Nc4 19. Qc1 Qd7 20. Rd1 Nb6
21. Ba2 Na4 22. Rxc8 Rxc8 23. Qd2 Qb5 24. Rb1 Qd3 25. Qxd3 Bxd3 26. Rc1 Rxc1
27. Nxc1 Nxb2 28. Bb8 Bb5 29. Ke1 a6 30. Kd2 e6 31. Bd6 Nc4+ 32. Bxc4 Bxc4
33. Nd3 Bxd3 34. Kxd3 Bf8 35. Bc5 Bxc5 36. dxc5 Kf8 37. c6 bxc6 38. Kd4 Ke7
39. Kc5 Kd7 40. Kb6 Kd6 41. Kxa6 Kc5 42. Kb7 Kd5 43. Kb6 c5 44. Kb5 f5 45.
f4 g5 46. g3 gxf4 47. gxf4 e5 48. fxe5 Kxe5 49. a4 c4 50. Kxc4 Ke4 51. a5
Kxe3 52. a6 f4 53. a7 f3 54. a8=Q f2 55. Qg2 Ke2 56. Kd4 h5 57. h4 Ke1 58.
Ke3 f1=Q 59. Qd2# {Black checkmated} 1-0

[Event "ICC tourney 2050 (75 10)"]
[Site "Internet Chess Club"]
[Date "2020.10.11"]
[Round "5"]
[White "lmperatorX"]
[Black "wolfchess1"]
[Result "1-0"]
[ICCResult "Black resigns"]
[WhiteElo "2134"]
[BlackElo "2062"]
[Opening "Robatsch defense: two knights variation"]
[ECO "B06"]
[NIC "KF.05"]
[Time "11:03:39"]
[TimeControl "4500+10"]

1. e4 g6 2. d4 Bg7 3. Nf3 d6 4. Nc3 a6 5. h3 b5 6. a3 Nd7 7. Bd3 Bb7 8. O-O
c5 9. Be3 Ngf6 10. e5 dxe5 11. Nxe5 c4 12. Be2 Nb6 13. Qd2 O-O 14. Rad1 Nbd5
15. Nxd5 Bxd5 16. Bh6 Rc8 17. c3 Qd6 18. Bf4 Qb6 19. Rfe1 Rcd8 20. Qe3 Qb7
21. Bf3 e6 22. Bh6 a5 23. Bxg7 Kxg7 24. Bxd5 Qxd5 25. Ng4 Nxg4 26. hxg4 h6
27. Qe5+ Kh7 28. Qc7 Qg5 29. Qxa5 Qxg4 30. Qxb5 Rb8 31. Qc5 Rfc8 32. Qe7 Kg8
33. Rd2 Rb5 34. Re5 Rb3 35. d5 exd5 36. Rexd5 Rbb8 37. Rd8+ Rxd8 38. Rxd8+
Rxd8 39. Qxd8+ Kh7 40. Qd5 Kg8 41. g3 Qe2 42. Qb7 h5 43. Kg2 h4 44. Qb6 Qe4+
45. Kh2 hxg3+ 46. Kxg3 Qd3+ 47. f3 Qe2 48. a4 Qe1+ 49. Kf4 Qh4+ 50. Ke5 Qg5+
51. Kd6 Qf4+ 52. Kc5 Qe3+ 53. Kb5 Qxf3 54. Kxc4 Qe2+ 55. Kb3 Qd1+ 56. Kb4
Qc2 57. Ka3 Qb1 58. a5 Qa1+ 59. Kb3 Qd1+ 60. Kb4 Qg4+ 61. Ka3 {Black
resigns} 1-0

[Event "ICC tourney 2050 (75 10)"]
[Site "Internet Chess Club"]
[Date "2020.10.11"]
[Round "5"]
[White "JasonModer"]
[Black "tacticsalk"]
[Result "1-0"]
[ICCResult "Black resigns"]
[WhiteElo "2522"]
[BlackElo "2309"]
[Opening "QGD Slav: 3.Nf3"]
[ECO "D11"]
[NIC "SL.01"]
[Time "11:03:24"]
[TimeControl "4500+10"]

1. d4 d5 2. c4 c6 3. Nf3 Nf6 4. Qc2 g6 5. Bf4 Bg7 6. e3 O-O 7. Nc3 b6 8. Be2
Bb7 9. O-O Nbd7 10. h3 e6 11. Bd6 Re8 12. Rfd1 Bf8 13. Bf4 Bb4 14. Rac1 Qe7
15. a3 Bd6 16. Ne5 dxc4 17. Bxc4 Nd5 18. Ne4 Nxf4 19. Nxd7 Nh5 20. Nxd6 Qxd6
21. Ne5 c5 22. Be2 Nf6 23. Nc4 Qe7 24. dxc5 Qxc5 25. Nd6 Qxc2 26. Rxc2 Re7
27. Nxb7 Rxb7 28. Bf3 Nd5 29. Rxd5 exd5 30. Bxd5 Rab8 31. Bxb7 Rxb7 32. g4
Rd7 33. Kg2 Kg7 34. Kf3 Rd5 35. Rc7 a5 36. Rc3 a4 37. Rc4 b5 38. Rb4 f5 39.
g5 h6 40. h4 hxg5 41. hxg5 Kf7 42. Ke2 Ke6 43. f3 Rc5 44. Kd3 Rd5+ 45. Rd4
Rc5 46. Kd2 Rc8 47. Rd3 Rh8 48. Kc3 Rh2 49. Rd8 Re2 50. Re8+ Kd7 51. Re5 Kd6
52. f4 Kd7 53. Rxb5 Rxe3+ 54. Kd2 Re4 55. Rb4 Rxb4 56. axb4 Kc6 57. Kd3 Kd5
58. Kc3 Ke4 59. b5 Kxf4 60. b6 {Black resigns} 1-0

[Event "ICC tourney 2050 (75 10)"]
[Site "Internet Chess Club"]
[Date "2020.10.11"]
[Round "5"]
[White "milindm"]
[Black "profofchess"]
[Result "0-1"]
[ICCResult "White resigns"]
[WhiteElo "2246"]
[BlackElo "2355"]
[Opening "Nimzo-Indian: classical variation"]
[ECO "E32"]
[NIC "NI.24"]
[Time "11:03:25"]
[TimeControl "4500+10"]

1. d4 Nf6 2. c4 e6 3. Nc3 Bb4 4. Qc2 b6 5. e4 c5 6. d5 Qe7 7. Be2 d6 8. Nf3
exd5 9. exd5 O-O 10. O-O Bxc3 11. bxc3 Bf5 12. Bd3 Bxd3 13. Qxd3 Re8 14. Bf4
Qe4 15. Qxe4 Rxe4 16. Bxd6 Rxc4 17. Rfe1 Nbd7 18. Rad1 Rxc3 19. Ne5 Nxe5 20.
Rxe5 Rd8 21. Bc7 Rd7 22. d6 Kf8 23. h3 Rc2 24. Rde1 Rd2 25. g4 Rd5 26. R5e3
g5 27. Kg2 b5 28. Re5 h6 29. R5e3 c4 30. Kf3 a6 31. a3 Kg7 32. Rc1 Rc5 33.
Rec3 Nd5 34. R3c2 Nxc7 35. dxc7 Rd3+ 36. Ke4 Rxa3 {White resigns} 0-1

[Event "ICC tourney 2050 (75 10)"]
[Site "Internet Chess Club"]
[Date "2020.10.11"]
[Round "5"]
[White "Darnoc"]
[Black "Terry1234"]
[Result "1/2-1/2"]
[ICCResult "White stalemated"]
[WhiteElo "2613"]
[BlackElo "2245"]
[Opening "King's Indian: 5.Nf3"]
[ECO "E90"]
[NIC "KI.20"]
[Time "11:03:51"]
[TimeControl "4500+10"]

1. d4 Nf6 2. c4 g6 3. Nc3 Bg7 4. e4 d6 5. Nf3 O-O 6. h3 c5 7. d5 e6 8. Bd3
exd5 9. cxd5 Re8 10. O-O Nbd7 11. Re1 Ne5 12. Nxe5 Rxe5 13. Bf4 Re8 14. Qd2
a6 15. a4 Qc7 16. Bf1 Nd7 17. a5 Rb8 18. Rac1 b5 19. axb6 Rxb6 20. Na4 Rb3
21. Qc2 Rb8 22. Bd2 a5 23. Ra1 Ra8 24. Nc3 Ba6 25. Bxa6 Rxa6 26. Nd1 Rb8 27.
Re3 Bh6 28. Rea3 Bxd2 29. Qxd2 Rb4 30. Qc2 Qb6 31. b3 Ne5 32. Ne3 Qb5 33. f4
Qd3 34. Qc1 Nd7 35. e5 Nb6 36. exd6 Nxd5 37. Nc4 Qd4+ 38. Kh2 Nxf4 39. Qf1
Rxd6 40. Nxd6 Qxd6 41. Kg1 Rd4 42. Ra4 g5 43. Rxd4 cxd4 44. Rxa5 d3 45.
Rxg5+ Kf8 46. Kh1 d2 47. Rf5 d1=Q 48. Rxf4 Qxf1+ 49. Rxf1 Kg7 50. Rf3 Kg6
51. Kg1 Qd1+ 52. Kh2 h5 53. Rg3+ Kh6 54. Rf3 Qd6+ 55. Kg1 f6 56. Kf2 h4 57.
Kg1 Kg5 58. Kh1 f5 59. Kg1 Qd4+ 60. Kh1 Kf6 61. Rf1 f4 62. Kh2 Kf5 63. Kh1
Qd3 64. Rf3 Qd1+ 65. Kh2 Qe1 66. Rd3 Ke4 67. Rf3 Ke5 68. Rd3 Ke4 69. Rf3 Qc1
70. Rf2 Ke3 71. Rf3+ Ke2 72. b4 Qb2 73. b5 Qxb5 74. Ra3 Qe5 75. Ra2+ Kd3 76.
Kh1 Kc4 77. Ra3 Kb4 78. Rd3 Qe1+ 79. Kh2 Kc4 80. Ra3 Qe3 81. Ra4+ Kb5 82.
Ra2 Qg3+ 83. Kg1 f3 84. Rf2 fxg2 85. Rb2+ Kc6 86. Rc2+ Kd5 87. Rd2+ Kc4 88.
Rc2+ Kd5 89. Rd2+ Ke5 90. Re2+ Kf5 91. Rf2+ Ke4 92. Re2+ Kd3 93. Rd2+ Kc3
94. Rc2+ Kb3 95. Rb2+ Kc4 96. Rc2+ Kd4 97. Rd2+ Ke4 98. Re2+ Kf4 99. Rf2+
Qf3 100. Rxf3+ Kxf3 101. Kh2 Kf2 {White stalemated} 1/2-1/2

[Event "ICC tourney 2050 (75 10)"]
[Site "Internet Chess Club"]
[Date "2020.10.11"]
[Round "5"]
[White "PeterProhaszka"]
[Black "Enamul"]
[Result "1/2-1/2"]
[ICCResult "Game drawn by repetition"]
[WhiteElo "2618"]
[BlackElo "2476"]
[Opening "English: Caro-Kann defensive system"]
[ECO "A11"]
[NIC "RE.07"]
[Time "11:04:03"]
[TimeControl "4500+10"]

1. c4 c6 2. Nf3 d5 3. g3 Nf6 4. Bg2 dxc4 5. O-O Nbd7 6. Qc2 Nb6 7. a4 a5 8.
Na3 g6 9. Ne5 Bg7 10. Naxc4 Nxc4 11. Nxc4 Nd5 12. d3 O-O 13. Bd2 e5 14. Qb3
Re8 15. Rfd1 Bf8 16. e4 Nb4 17. Be3 b5 18. Na3 Be6 19. Qc3 Rc8 20. d4 Na2
21. Qc2 Nb4 22. Qc3 Na2 23. Qc2 Nb4 24. Qe2 Bb3 25. Rd2 Bxa4 26. dxe5 Qe7
27. f4 Bb3 28. Rc1 Red8 29. Bb6 Rxd2 30. Qxd2 Qb7 31. Qe3 a4 32. Bh3 Rb8 33.
Bd4 Rd8 34. e6 Bxe6 35. f5 Bb3 36. fxg6 hxg6 37. Rf1 Qe7 38. Kh1 Re8 39. Bg2
c5 40. Bf6 Nd5 41. Qxb3 axb3 42. Bxe7 Nxe7 43. Nxb5 Bg7 44. Rf3 Rb8 45. Bf1
Nc6 46. Rxb3 Ne5 47. Nd4 Rd8 48. Nf3 Ng4 49. Bc4 Nf2+ 50. Kg2 Nxe4 51. Rd3
Rb8 52. b3 Ra8 53. Re3 Nd6 54. Bd5 Ra2+ 55. Kf1 Bf6 56. Re2 Ra1+ 57. Re1 Ra2
58. Re2 Ra7 59. g4 g5 60. Kg2 Kg7 61. Rc2 Ra5 62. h3 Nc8 63. Nd2 Ne7 64. Be4
Rb5 65. Kf3 Bd4 66. Ke2 Rb6 67. Kd3 Rh6 68. b4 Rxh3+ 69. Kc4 Rg3 70. bxc5
Be5 71. Bf3 Bf4 72. Be2 Nc6 73. Ne4 Re3 74. Nd6 Kf6 75. Rb2 Bxd6 76. cxd6
Ke6 77. Kc5 Ne5 78. Rc2 Ra3 79. Bb5 Ra8 80. Rd2 Rc8+ 81. Kb6 Rb8+ 82. Kc5
Rc8+ 83. Kb6 Rb8+ 84. Kc5 Rc8+ 85. Kb6 {Game drawn by repetition} 1/2-1/2

[Event "ICC tourney 2050 (75 10)"]
[Site "Internet Chess Club"]
[Date "2020.10.11"]
[Round "6"]
[White "Suraj240704"]
[Black "lmperatorX"]
[Result "1/2-1/2"]
[ICCResult "Game drawn by mutual agreement"]
[WhiteElo "2172"]
[BlackElo "2127"]
[Opening "QGD: Tartakower (Makagonov-Bondarevsky) system"]
[ECO "D58"]
[NIC "QO.10"]
[Time "14:47:38"]
[TimeControl "4500+10"]

1. Nf3 Nf6 2. c4 e6 3. d4 d5 4. Nc3 Be7 5. Bg5 O-O 6. e3 h6 7. Bh4 b6 8. Be2
Bb7 9. O-O Nbd7 10. a3 c5 11. cxd5 Nxd5 12. Bg3 cxd4 13. Nxd5 Bxd5 14. Nxd4
Nf6 15. Rc1 Rc8 16. Ba6 Rxc1 17. Qxc1 Qa8 18. f3 Bb7 19. Be2 Rc8 20. Qd2 Nd5
21. e4 Nf6 22. Nb5 Rd8 23. Qc1 Bc5+ 24. Kh1 a6 25. Nc3 Bd4 26. Rd1
{Game drawn by mutual agreement}
1/2-1/2

[Event "ICC tourney 2050 (75 10)"]
[Site "Internet Chess Club"]
[Date "2020.10.11"]
[Round "6"]
[White "e4f5"]
[Black "pangpangba"]
[Result "1-0"]
[ICCResult "Black checkmated"]
[WhiteElo "2217"]
[BlackElo "1644"]
[Opening "Sicilian: modern Scheveningen"]
[ECO "B58"]
[NIC "SI.22"]
[Time "14:47:12"]
[TimeControl "4500+10"]

1. e4 c5 2. Nf3 d6 3. d4 cxd4 4. Nxd4 Nf6 5. Nc3 Nc6 6. Be2 e6 7. O-O Be7 8.
Be3 a6 9. a4 O-O 10. f4 Nd7 11. Bf3 Qc7 12. Qd2 Bf6 13. Rad1 Nb6 14. b3 Bd7
15. Nxc6 Bxc6 16. Ne2 Rad8 17. c4 Nc8 18. Nd4 Ne7 19. a5 Be8 20. g4 Nc6 21.
Nxc6 Bxc6 22. Bb6 Qd7 23. Bxd8 Rxd8 24. e5 dxe5 25. Qxd7 Rxd7 26. Bxc6 Rxd1
27. Rxd1 bxc6 28. fxe5 Be7 29. Rd7 Kf8 30. Rc7 Bd8 31. Rxc6 Bxa5 32. Rxa6
Bc3 33. Ra8+ Ke7 34. Ra7+ Ke8 35. Rb7 Bxe5 36. b4 f5 37. gxf5 exf5 38. c5
Kd8 39. c6 Kc8 40. b5 h6 41. Rf7 f4 42. Kg2 g5 43. b6 g4 44. Rf8#
{Black checkmated}
1-0

[Event "ICC tourney 2050 (75 10)"]
[Site "Internet Chess Club"]
[Date "2020.10.11"]
[Round "6"]
[White "Aleksandrov73"]
[Black "NyzhnykIllia"]
[Result "1-0"]
[ICCResult "Black resigns"]
[WhiteElo "2677"]
[BlackElo "2696"]
[Opening "QGD: 3.Nc3"]
[ECO "D31"]
[NIC "QP.08"]
[Time "14:47:40"]
[TimeControl "4500+10"]

1. d4 d5 2. c4 e6 3. Nc3 Bb4 4. e3 Nf6 5. a3 Bxc3+ 6. bxc3 b6 7. cxd5 exd5
8. Bd3 O-O 9. Ne2 c5 10. O-O Ba6 11. f3 Bxd3 12. Qxd3 Nc6 13. e4 dxe4 14.
fxe4 h6 15. Rf3 Nd7 16. Rg3 Qh4 17. Rh3 Qf6 18. e5 Qg6 19. Qf3 cxd4 20. cxd4
Rad8 21. Bxh6 Ndxe5 22. dxe5 Nxe5 23. Qf1 Ng4 24. Bf4 Rfe8 25. Rf3 Qc2 26.
Nc3 {Black resigns} 1-0